 Dungeon Crawl Stone Soup version 0.28-a0-1506-g3893175d92 (webtiles) character file.

Game seed: 16811883653686433967

2836 southernslant the Skirmisher (level 9, -9/56 HPs)
             Began as a Gargoyle Gladiator on Jan 13, 2022.
             Was an Initiate of Makhleb.
             Mangled by a hornet (11 damage)
             ... on level 7 of the Dungeon.
             The game lasted 00:27:06 (8305 turns).

southernslant the Skirmisher (Gargoyle Gladiator)   Turns: 8305, Time: 00:27:07

Health: -9/56      AC: 16    Str: 19    XL:     9   Next: 74%
Magic:  12/12      EV: 12    Int: 10    God:    Makhleb [......]
Gold:   374        SH:  0    Dex: 13    Spells: 11/12 levels left

rFire   . . .      SeeInvis .   j - +2 scythe (vorpal)
rCold   . . .      Faith    .   (shield currently unavailable)
rNeg    + . .      Spirit   .   t - +0 ring mail
rPois   ∞          Reflect  .   c - +0 helmet
rElec   +          Harm     .   (no cloak)
rCorr   .          Rampage  .   C - +1 pair of gloves
Will    +....                   (no boots)
Stlth   ++........              (no amulet)
HPRegen 0.18/turn               g - ring of willpower
MPRegen 0.13/turn               z - ring of wizardry

@: no status effects
A: sickness immunity, AC +6, negative energy resistance 1, electricity
resistance, torment resistance 1, petrification resistance
a: Renounce Religion


You were on level 7 of the Dungeon.
You worshipped Makhleb.
Makhleb was noncommittal.
You visited 2 branches of the dungeon, and saw 8 of its levels.

You collected 374 gold pieces.

Inventory:

Hand Weapons
 a - a +2 flail of draining
 j - a +2 vorpal scythe (weapon)
 m - a +2 vampiric war axe
 E - a +4 spear
Missiles
 i - 183 stones (quivered)
 r - 12 poisoned darts
Armour
 c - a +0 helmet (worn)
 t - a +0 ring mail (worn)
 C - a +1 pair of gloves (worn)
Jewellery
 g - a ring of willpower (left hand)
 z - a ring of wizardry (right hand)
 A - a ring of ice
Scrolls
 f - 2 scrolls of fear {unknown}
 h - a scroll of summoning {unknown}
 l - 3 scrolls of blinking {unknown}
 n - 3 scrolls of amnesia {unknown}
 o - 2 scrolls of vulnerability {unknown}
 p - 2 scrolls of enchant armour {unknown}
 q - 3 scrolls of identify {unknown}
 s - 2 scrolls of immolation {unknown}
 v - 3 scrolls of noise {unknown}
 x - a scroll of teleportation {unknown}
 y - a scroll of magic mapping {unknown}
 B - a scroll of holy word {unknown}
 D - a scroll of acquirement {unknown}
Potions
 b - a potion of flight {unknown}
 e - 2 potions of heal wounds {unknown}
 k - 2 potions of curing {unknown}
 u - a potion of degeneration {unknown}
 w - a potion of lignification {unknown}


   Skills:
 * Level 6.5 Fighting
 * Level 5.6 Polearms
 + Level 4.0 Throwing
 + Level 5.7 Armour
 * Level 5.1 Dodging
 - Level 3.8 Stealth
 + Level 2.1 Spellcasting
 + Level 2.2 Hexes
 * Level 2.7 Invocations


You had 11 spell levels left.
You knew the following spells:

 Your Spells              Type           Power      Damage    Failure   Level
a - Slow                  Hex            20%        N/A       9%          1

Your spell library contained the following spells:

 Spells                   Type           Power      Damage    Failure   Level
 Foxfire                  Conj/Fire      4%         2x1d4     21%         1
 Shock                    Conj/Air       4%         1d3       21%         1
 Sting                    Tmut/Pois      4%         1d3       21%         1
 Confusing Touch          Hex            5%         N/A       24%         3
 Blink                    Tloc           2%         N/A       28%         2
 Wereblood                Tmut           1%         N/A       28%         2
 Inner Flame              Hex/Fire       3%         N/A       34%         3
 Portal Projectile        Hex/Tloc       6%         N/A       34%         3
 Conjure Flame            Conj/Fire      1%         6-21      50%         3
 Gell's Gravitas          Tloc           1%         N/A       50%         3
 Ignite Poison            Fire/Tmut/Pois 1%         N/A       50%         3
 Mephitic Cloud           Conj/Pois/Air  1%         N/A       50%         3
 Ozocubu's Armour         Ice            1%         N/A       50%         3
 Swiftness                Air            1%         N/A       50%         3
 Teleport Other           Tloc           1%         N/A       50%         3
 Vampiric Draining        Necr           1%         2d6       50%         3
 Airstrike                Air            0%         N/A       86%         4
 Flame Wave               Conj/Fire      1%         2d4       86%         4
 Yara's Violent Unravell  Hex/Tmut       1%         3d3       96%         5
 Blade Hands              Tmut           0%         N/A       99%         5
 Excruciating Wounds      Necr           0%         N/A       99%         5
 Freezing Cloud           Conj/Ice/Air   0%         6-21      99%         5
 Dispersal                Tloc           0%         N/A       100%        6
 Ozocubu's Refrigeration  Ice            0%         4d5       100%        7
 Storm Form               Tmut/Air       0%         N/A       100%        7
 Summon Hydra             Summ           0%         N/A       100%        7
 Sublimation of Blood     Necr           Unusable   N/A       N/A         2

Dungeon Overview and Level Annotations

Branches:
Dungeon (7/15)             Temple (1/1) D:5

Altars:
Ashenzari
Cheibriados
Fedhas
Gozag
Hepliaklqana
Kikubaaqudgha
Makhleb
Nemelex Xobeh
Okawaru
Qazlal
Ru
Sif Muna
Trog
Uskayaw
Vehumet
Xom
Zin
The Shining One

Shops:
D:2 [


Innate Abilities, Weirdness & Mutations

You are immune to sickness and miasma.
Your stone body is resilient. (AC +6)
You are immune to poison.
You resist negative energy. (rN+)
You are resistant to electric shocks. (rElec)
You are resistant to unholy torment.
You are immune to petrification.


Message History

Throw: 2 throwing nets
Press: ? - help, Q - select action, (/) - cycle Shift-Dir - straight line, f - hornet
Aim: a hornet (lightly wounded, 50% to hit)
You throw a throwing net.
The throwing net barely misses the hornet.
The hornet stings you.
* * * LOW HITPOINT WARNING * * *
The hornet stings you but does no damage.
Throw: throwing net
Press: ? - help, Q - select action, (/) - cycle Shift-Dir - straight line, f/p - hornet
Aim: a hornet (lightly wounded, 50% to hit)
You throw a throwing net. The throwing net hits the hornet.
The hornet is caught in the net!
The hornet is lightly wounded.
The hornet struggles against the net.
Casting: Slow (safe; 9% risk of failure)
Confirm with . or Enter, or press ? or * to list all spells.
Aiming: Slow (safe; 9% risk of failure)
Press: ? - help, Shift-Dir - straight line, f/p - hornet
Aim: a hornet (lightly wounded, entangled in a net, chance to affect: 32%)
The hornet easily resists.
The hornet struggles against the net.
You barely miss the hornet.
The hornet is lightly wounded.
The hornet struggles against the net. x2
The net rips apart, and the hornet comes free!
The hornet closely misses you.
You slash the hornet!
The hornet is heavily wounded.
The hornet barely misses you. The hornet stings you.
* * * LOW HITPOINT WARNING * * *
The hornet closely misses you.
You barely miss the hornet.
The hornet is heavily wounded.
The hornet stings you but does no damage.
The hornet stings you.
* * * LOW HITPOINT WARNING * * *
You barely miss the hornet.
The hornet is heavily wounded.
The hornet barely misses you. The hornet stings you!
You die...

..........#.# ..# .....
....[....#..###..# .. #..#..
.................####.[ ...###
.......)......##<#....
..###.........##....# .. #.#
#..÷............## #. # #.#
#................# #.. .## ..#
#...............##.#.. ..# .
#.............@y....(##.# ....
#.................##.##..##....
...................#...#$.....#
##......###................<.#
..#..... ##.................#
... #..#................#
#..#..........#.......
...#........###).S.#... ?
#........


You could see a hornet.

Vanquished Creatures
  Pikel (D:6)
  Sigmund (D:2)
  A steam dragon (D:7)
  2 water moccasins
  2 necrophages
  An ice beast (D:7)
  An ogre (D:4)
  2 sky beasts
  A phantom (D:6)
  3 lemures
  A kobold brigand (D:6)
  A water moccasin zombie (D:5)
  A bullfrog (D:6)
  A wyvern skeleton (D:6)
  A water moccasin skeleton (D:6)
  4 wights
  A centaur zombie (D:5)
  A hound (D:6)
  2 bullfrog zombies
  2 jellies
  9 orc priests
  An iguana (D:5)
  A scorpion zombie (D:5)
  3 orc wizards
  4 gnolls (D:4)
  5 adders
  A shadow imp (D:5)
  A white imp (D:5)
  An ufetubus (D:5)
  3 worms
  4 dart slugs
  28 orcs
  3 bats
  8 endoplasms
  4 giant cockroaches
  6 goblins
  4 hobgoblins
  2 quokkas
  9 ball pythons
  5 frilled lizards
  13 kobolds
  7 rats
152 creatures vanquished.

Vanquished Creatures (others)
  9 plants
9 creatures vanquished.

Grand Total: 161 creatures vanquished

Notes
Turn   | Place    | Note
-------+----------+-------------------------------------------
     0 | D:1      | southernslant the Gargoyle Gladiator began the quest for
                  | the Orb.
     0 | D:1      | Reached XP level 1. HP: 12/12 MP: 1/1
   117 | D:1      | Reached XP level 2. HP: 18/18 MP: 2/2
   702 | D:2      | Reached XP level 3. HP: 22/22 MP: 3/3
  1287 | D:2      | Found Qesul's Antique Armour Boutique.
  1325 | D:2      | Found a blossoming altar of Fedhas.
  1924 | D:2      | Noticed Sigmund
  1934 | D:2      | Killed Sigmund
  1935 | D:2      | Reached skill level 3 in Fighting
  1935 | D:2      | Reached skill level 1 in Armour
  1935 | D:2      | Reached XP level 4. HP: 23/29 MP: 4/4
  1935 | D:2      | Reached XP level 5. HP: 26/33 MP: 5/5
  2165 | D:3      | Reached XP level 6. HP: 33/38 MP: 6/6
  2229 | D:3      | Reached skill level 4 in Fighting
  3214 | D:3      | Reached skill level 1 in Stealth
  3782 | D:4      | Found a glowing silver altar of Zin.
  4035 | D:4      | Reached XP level 7. HP: 38/43 MP: 7/7
  4226 | D:4      | Identified the +1 helmet of Abstinence {Rampage Int+2
                  | Slay-4 Stlth+}
  4411 | D:4      | You fall into a shaft and drop 2 floors!
  4580 | D:5      | Entered Level 5 of the Dungeon
  5685 | D:5      | Reached skill level 5 in Fighting
  5685 | D:5      | Reached XP level 8. HP: 46/49 MP: 8/8
  6323 | D:5      | Got the Almanac of Spatial Transmutation
  6428 | D:5      | Found a staircase to the Ecumenical Temple.
  6618 | Temple   | Entered the Ecumenical Temple
  6624 | Temple   | Became a worshipper of Makhleb the Destroyer
  6765 | D:6      | Reached skill level 1 in Hexes
  6769 | D:6      | Reached skill level 1 in Spellcasting
  6904 | D:6      | Reached skill level 5 in Polearms
  7079 | D:6      | Reached XP level 9. HP: 53/55 MP: 10/10
  7105 | D:6      | Reached skill level 5 in Armour
  7142 | D:6      | Learned a level 1 spell: Slow
  7311 | D:6      | Reached skill level 1 in Invocations
  7560 | D:7      | Reached skill level 6 in Fighting
  7632 | D:7      | Noticed Pikel
  7792 | D:6      | Killed Pikel
  7793 | D:6      | Reached skill level 5 in Dodging
  7961 | D:7      | Identified the +5 ring mail of Xuvoolenn {Harm rF+ rC-}
  8284 | D:7      | Noticed a hornet
  8304 | D:7      | HP: 2/56 [hornet (5)]
  8305 | D:7      | Mangled by a hornet

Illustrated notes

Levels and vault maps discovered:
D:1:      dpeg_arrival_tiny_i, layout_loops_ring
D:2:      wad_lake_hut, layout_loops_corners, serial_shops,
          nicolae_lakefront_shop, basic_altar, minmay_tetromino_l2, uniq_sigmund
D:3:      layout_basic, minmay_joined_circles
D:4:      layout_loops_ring, zin_statuary
D:5:      layout_loops_ring, minmay_temple_entry_gardened_gates,
          columned_hall_lemuel
D:6:      layout_rooms
D:7:      layout_cave_pools, nicolae_overflow_hidden_temple, uniq_pikel,
          uniq_prince_ribbit1
Temple:   kb_temple_of_zot

Skill      XL: |  1  2  3  4  5  6  7  8  9 |
---------------+----------------------------+-----
Throwing       | 2 3 4 |  4.0
Fighting       | 3 4 5 6 |  6.5
Polearms       | 3 4 5 |  5.6
Armour         | 1 2 3 4 5 |  5.7
Dodging        | 3 4 5 |  5.1
Stealth        | 1 2 3 |  3.8
Hexes          | 1 2 |  2.2
Spellcasting   | 1 2 |  2.1
Invocations    | 2 |  2.7

Action                   |  1- 3 |  4- 6 |  7- 9 || total
-------------------------+-------+-------+-------++-------
Melee: Trident           |   104 |       |       ||   104
       Punch             |     2 |       |       ||     2
       Scythe            |       |   110 |   288 ||   398
       War axe           |       |    31 |       ||    31
Throw: Throwing net      |     2 |       |     2 ||     4
       Stone             |       |    19 |     1 ||    20
       Dart              |       |       |    22 ||    22
 Cast: Slow              |       |       |     3 ||     3
 Stab: Sleeping          |       |     1 |     3 ||     4
Armor: Leather armour    |    33 |    53 |    10 ||    96
       Ring mail         |       |       |   175 ||   175
Dodge: Dodged            |    42 |   112 |   252 ||   406

Table legend: (Time is in decaauts)
 A = Elapsed time spent in this place.
 B = Non-inter-level travel time spent in this place.
 C = Inter-level travel time spent in this place.
 D = Time resting spent in this place.
 E = Time spent auto-exploring this place.
 F = Levels seen in this place.
 G = Mean time per level.
                   A        B        C        D        E       F      G
               +--------+--------+--------+--------+--------+-----+--------+
         Total |   8692 |   8478 |    214 |      0 |   6520 |   8 | 1086.5 |
       Dungeon |   8584 |   8385 |    199 |      0 |   6445 |   7 | 1226.3 |
        Temple |    107 |     92 |     15 |      0 |     75 |   1 |  107.0 |
               +--------+--------+--------+--------+--------+-----+--------+

Top non-repeatable levels by time:
     D:6: 1734 daAuts
     D:3: 1574 daAuts
     D:2: 1494 daAuts
     D:4: 1404 daAuts
     D:5: 1293 daAuts
     D:1: 690 daAuts
     D:7: 391 daAuts
  Temple: 107 daAuts
